Map: Deathaura LE

Players

LiquidClem (Clem) - Winner!

  • Race: Terran Terran
  • League: Grandmaster
  • Spawn Location: 5:00

TLHarstem (Harstem)

  • Race: Protoss Protoss
  • League: Master
  • Spawn Location: 11:00

Event: DreamHack SC2 Masters 2020 Winter

VOD

Have the link to the VOD?

Description

Time

  • Played on: Oct. 21, 2020, 12:59 p.m.
  • Length: 7:37

All games in this series

Show
View Real Time Build Order
Export as new Build Order

LiquidClem Terran - Winner!

Build Orders:  

Get SALT Encoding   

  12  0:00  SCV  
  13  0:12  SCV  
  14  0:17  Supply Depot  
  14  0:24  SCV  
  15  0:29  Refinery  
  15  0:38  SCV  
  16  0:44  Barracks  
  16  0:50  SCV  
  17  1:03  SCV  
  18  1:14  Engineering Bay  
  18  1:15  SCV  
  19  1:32  Marine, Orbital Command  
  20  1:36  Factory  
  20  1:45  Supply Depot  
  20  1:50  Barracks Reactor  
  20  1:57  SCV  
  21  2:09  SCV  
  22  2:16  Command Center  
  22  2:29  Barracks  
  22  2:31  Hellion  
  22  2:36  Hellion  
  26  2:38  Barracks Tech Lab  
  26  2:40  SCV  
  27  2:46  Supply Depot  
  27  2:53  SCV  
  27  2:57  Marine  
  28  2:59  Stimpack  
  28  3:05  SCV  
  29  3:06  Refinery  
  29  3:11  Widow Mine  
  31  3:17  SCV  
  32  3:21  Marine  
  33  3:28  Marine x2  
  33  3:29  SCV  
  33  3:33  Starport  
  37  3:42  Factory Reactor  
  37  3:43  Marine  
  37  3:44  SCV  
  37  3:46  Orbital Command  
  36  3:50  Marine x2  
  38  3:56  SCV  
  38  4:02  Marine  
  38  4:08  SCV, Marine  
  36  4:10  Medivac  
  40  4:12  SCV  
  43  4:17  Supply Depot  
  43  4:20  Widow Mine, SCV  
  43  4:21  Widow Mine  
  43  4:23  Marauder  
  50  4:25  SCV  
  50  4:26  Marine  
  50  4:28  Marine  
  53  4:32  SCV  
  54  4:38  Barracks  
  54  4:39  SCV  
  54  4:43  Supply Depot  
  54  4:44  SCV  
  56  4:51  SCV, Factory Tech Lab  
  56  4:53  Marine x2  
  56  4:55  Medivac  
  56  4:56  SCV  
  61  5:00  Engineering Bay  
  61  5:03  SCV  
  61  5:04  Refinery  
  61  5:05  Medivac  
  61  5:06  Marauder  
  66  5:12  SCV, Supply Depot  
  67  5:15  SCV, Marine x2  
  70  5:29  Supply Depot  
  70  5:32  SCV x2  
  70  5:34  Siege Tank, Marauder  
  70  5:35  Marine  
  75  5:36  Marine  
  75  5:37  Barracks Tech Lab  
  75  5:44  SCV  
  75  5:46  Supply Depot, Refinery  
  75  5:47  Combat Shield  
  76  5:51  SCV  
  76  5:53  Marine  
  76  5:54  Marine  
  76  5:56  SCV, Marauder  
  82  6:03  Marauder  
  84  6:05  SCV  
  84  6:08  Supply Depot  
  85  6:13  SCV  
  85  6:14  Marine x2  
  85  6:17  Marauder  
  85  6:18  SCV  
  89  6:24  Marauder  
  88  6:26  Siege Tank  
  88  6:35  Marine  
  88  6:36  Marine  
  88  6:39  Marauder  
  91  6:40  Command Center  
  88  6:48  Supply Depot  
  88  6:49  Marauder  
  88  6:53  Medivac x2  
  93  6:55  Marine  
  93  6:56  Marine  
  93  6:58  Supply Depot  
  93  6:59  SCV x2  
  97  7:03  Siege Tank  
  97  7:06  Marauder  
  102  7:14  Barracks  
  102  7:18  Marine x2  
  102  7:20  Barracks  
  102  7:22  Supply Depot  
Show
View Real Time Build Order
Export as new Build Order

TLHarstem Protoss 

Build Orders: Phoenix Opening, Blink Stalkers 

Get SALT Encoding   

  12  0:00  Probe  
  13  0:12  Probe  
  14  0:18  Pylon  
  14  0:24  Probe  
  15  0:36  Gateway  
  15  0:37  Probe (Chrono Boost)  
  16  0:47  Assimilator, Probe (Chrono Boost)  
  17  0:52  Probe (Chrono Boost)  
  18  1:09  Probe  
  19  1:21  Probe  
  19  1:23  Cybernetics Core  
  20  1:26  Pylon  
  20  1:33  Probe  
  22  1:56  Nexus, Adept (Chrono Boost)  
  22  2:01  Probe  
  24  2:02  Warp Gate (Chrono Boost)  
  24  2:12  Assimilator  
  24  2:15  Probe  
  25  2:26  Sentry  
  25  2:27  Probe  
  25  2:29  Gateway  
  28  2:39  Probe  
  29  2:46  Pylon  
  29  2:51  Probe  
  30  3:00  Phoenix  
  30  3:01  Shield Battery  
  30  3:03  Probe  
  30  3:05  Twilight Council  
  31  3:06  Adept  
  31  3:10  Probe  
  34  3:15  Probe  
  35  3:22  Probe  
  34  3:27  Probe  
  34  3:34  Probe  
  34  3:39  Blink (Chrono Boost)  
  32  3:45  Probe (Chrono Boost)  
  32  3:46  Probe (Chrono Boost)  
  32  3:47  Stalker  
  36  3:57  Stalker, Probe (Chrono Boost)  
  36  3:58  Probe (Chrono Boost)  
  40  4:04  Assimilator, Probe (Chrono Boost)  
  40  4:06  Assimilator  
  40  4:07  Robotics Facility, Probe (Chrono Boost)  
  42  4:12  Probe (Chrono Boost)  
  43  4:17  Stalker  
  43  4:18  Probe (Chrono Boost)  
  46  4:30  Probe x2 (Chrono Boost)  
  48  4:32  Stalker  
  48  4:35  Probe (Chrono Boost)  
  48  4:36  Probe (Chrono Boost)  
  48  4:37  Pylon  
  52  4:44  Probe  
  53  4:48  Probe  
  54  4:55  Pylon  
  54  4:57  Stalker, Observer, Robotics Bay  
  54  4:59  Stalker  
  59  5:10  Pylon  
  57  5:14  Nexus  
  57  5:17  Probe  
  57  5:18  Probe  
  59  5:25  Stalker  
  57  5:32  Probe  
  51  5:36  Probe  
  51  5:41  Observer (Chrono Boost)  
  51  5:42  Stalker  
  55  5:44  Probe  
  56  5:50  Stalker  
  56  5:51  Probe  
  59  6:05  Colossus (Chrono Boost)  
  59  6:11  Stalker  
  65  6:23  Stalker  
  65  6:24  Probe  
  63  6:38  Stalker  
  65  6:40  Probe  
  66  6:47  Colossus (Chrono Boost)  
  66  6:49  Probe  
  66  6:52  Probe  
  66  6:53  Forge  
  74  6:59  Stalker  
  77  7:02  Stalker  
  77  7:07  Probe  
  77  7:16  Probe x2  
  77  7:19  Probe  
  80  7:24  Pylon  
Tags
 
Add a new tag
Caveats
  • Supply blocks, unpowered buildings, or Contaminate may cause inaccurate times.
  • Supply counts are checked every 10 seconds.